 Dungeon Crawl Stone Soup version 0.25-a0-294-gea9b1ad378 (webtiles) character file.

Game seed: 6747484955089362043, levelgen mode: deterministic

259 MoonlitKnight the Chopper (level 6, 0/53 HPs)
             Began as a Hill Orc Fighter on Dec 16, 2019.
             Was an Initiate of Beogh.
             Slain by a gnoll
             ... wielding a +0 spear
              (4 damage)
             ... on level 3 of the Dungeon.
             The game lasted 00:05:12 (2630 turns).

MoonlitKnight the Chopper (Hill Orc Fighter)        Turns: 2630, Time: 00:05:15

Health: 0/53       AC: 14    Str: 21    XL:     6   Next: 17%
Magic:  6/6        EV:  5    Int:  8    God:    Beogh [......]
Gold:   158        SH:  9    Dex: 10    Spells: 5/5 levels left

rFire    . . .     SeeInvis .   a - +0 war axe
rCold    . . .     Gourm    .   c - +0 shield
rNeg     . . .     Faith    .   e - +0 chain mail
rPois    .         Spirit   .   q - +0 helmet
rElec    .         Reflect  .   (no cloak)
rCorr    .         Harm     .   b - +2 pair of gloves
MR       .....                  (no boots)
Stlth    ..........             (no amulet)
HPRegen  0.17/turn              (no ring)
MPRegen  0.10/turn              (no ring)

@: no status effects
A: no striking features
a: Renounce Religion


You were on level 3 of the Dungeon.
You worshipped Beogh.
Beogh was noncommittal.
You were not hungry.

You visited 1 branch of the dungeon, and saw 3 of its levels.

You collected 158 gold pieces.

Inventory:

Hand Weapons
 a - a +0 war axe (weapon)
Missiles
 n - 17 poisoned darts (quivered)
Armour
 b - a +2 pair of gloves (worn)
 c - a +0 shield (worn)
 e - a +0 chain mail (worn)
 q - a +0 helmet (worn)
Scrolls
 i - 6 scrolls of identify {unknown}
 l - 2 scrolls of remove curse {unknown}
 m - 3 scrolls of random uselessness {unknown}
 o - a scroll of enchant armour {unknown}
Potions
 d - 3 potions of might
 h - 2 potions of degeneration {unknown}
 j - a potion of invisibility {unknown}
 k - 3 potions of heal wounds {unknown}
 p - a potion of haste {unknown}
Comestibles
 f - 8 rations
 g - 11 chunks of flesh


   Skills:
 + Level 4.7 Fighting
 * Level 5.7 Axes
 + Level 4.4 Armour
 + Level 4.3 Shields


You had 5 spell levels left.
You didn't know any spells.
Your spell library contained the following spells:

 Spells                   Type           Power        Failure   Level  Hunger
 Magic Dart               Conj           #...         100%        1    ##.....
 Searing Ray              Conj           #.....       100%        2    ###....
 Dazzling Flash           Conj/Hex       #.....       100%        3    ####...
 Fulminant Prism          Conj/Hex       #.........   100%        4    #####..
 Iskenderun's Mystic Bla  Conj/Tloc      #.......     100%        4    #####..


Dungeon Overview and Level Annotations

Branches:
Dungeon (3/15)

Altars:

Annotations:
D:2 1 runed translucent door, Crazy Yiuf


Message History

The gnoll hits you but does no damage. The gnoll barely misses you.
The gnoll hits you.
* * * LOW HITPOINT WARNING * * *
The gnoll completely misses you. The gnoll barely misses you.
You hit the gnoll but do no damage.
Your chain mail prevents you from hitting the gnoll. x2
The gnoll hits you but does no damage. You block the gnoll's attack. x2
You slash the gnoll!
The gnoll is severely wounded.
You hit the gnoll but do no damage. You hit the gnoll.
The gnoll hits you but does no damage. x2; The gnoll hits you with a +0 spear.
* * * LOW HITPOINT WARNING * * *
You hit the gnoll but do no damage.
The gnoll is severely wounded.
Your chain mail prevents you from hitting the gnoll.
You slash the gnoll!
You kill the gnoll!
Beogh accepts your kill. The gnoll hits you but does no damage.
The gnoll hits you with a +0 spear.
You die...

####.....# #.#
#.....# #.#### .#
#.....# #.##.##.#
#......###.#...#.# #
#.##......[......#.#
#....†)g.#.........#
......%..##.....####
#......).###.g).#
#.#.....## ##@#.# #
#.....# ##g#[#
#.###.# ##....# #.
#.###.....## #
#.##.......#
...........# ..
..##...÷...# #...
##.....## ## #.#
##...##


You could see 2 gnolls.

Vanquished Creatures
  A crimson imp (D:3)
  An orc priest (D:3)
  Ijyb (D:3)
  2 adders (D:3)
  5 gnolls (D:3)
  An ooze (D:2)
  A worm (D:2)
  4 dart slugs
  3 leopard geckos (D:2)
  4 orcs (D:3)
  A ball python (D:1)
  10 bats
  4 giant cockroaches
  8 goblins
  10 hobgoblins
  7 jackals
  9 kobolds
  A quokka (D:2)
  A frilled lizard (D:3)
  7 rats
81 creatures vanquished.

Vanquished Creatures (others)
  3 orcs (D:3)
  A plant (D:2)
4 creatures vanquished.

Grand Total: 85 creatures vanquished

Notes
Turn   | Place    | Note
-------+----------+-------------------------------------------
     0 | D:1      | MoonlitKnight the Hill Orc Fighter began the quest for the
                  | Orb.
     0 | D:1      | Reached XP level 1. HP: 19/19 MP: 1/1
   174 | D:1      | Reached skill level 3 in Axes
   202 | D:1      | Reached XP level 2. HP: 26/27 MP: 2/2
   577 | D:1      | Reached XP level 3. HP: 33/33 MP: 3/3
  1293 | D:2      | Reached skill level 4 in Axes
  1360 | D:2      | Found a runed translucent door.
  1361 | D:2      | Noticed Crazy Yiuf
  1389 | D:2      | Reached XP level 4. HP: 25/40 MP: 4/4
  2240 | D:3      | Became a worshipper of Beogh the Brigand
  2253 | D:3      | Noticed Ijyb
  2271 | D:3      | Paralysed by Ijyb for 2 turns
  2276 | D:3      | Paralysed by Ijyb for 4 turns
  2282 | D:3      | Killed Ijyb
  2401 | D:3      | Reached XP level 5. HP: 47/47 MP: 5/5
  2462 | D:3      | Reached skill level 5 in Axes
  2618 | D:3      | Reached XP level 6. HP: 18/53 MP: 6/6
  2630 | D:3      | Slain by a gnoll

Levels and vault maps discovered:
D:1:      giann_wishing_wells, layout_loops_ring
D:2:      layout_loops_ring, lexackson_kobold_supper, uniq_crazy_yiuf_cottage
D:3:      layout_loops_ring, first_ration, uniq_ijyb

Skill      XL: |  1  2  3  4  5 |
---------------+----------------+-----
Axes           | 3 4 5 |  5.7
Fighting       | 4 |  4.7
Armour         | 4 |  4.4
Shields        | 4 |  4.3

Action                   |  1- 3 |  4- 6 || total
-------------------------+-------+-------++-------
Melee: War axe           |   119 |   146 ||   265
Invok: Convert to Beogh  |       |     1 ||     1
  Eat: Chunk             |     2 |     4 ||     6
Armor: Scale mail        |    61 |    23 ||    84
       Chain mail        |       |    63 ||    63
Dodge: Dodged            |    38 |    48 ||    86
Block: Shield            |    70 |    92 ||   162

Table legend:
 A = Non-vault XP
 B = Vault XP
 C = Vault XP percentage of total XP
 D = Non-vault monster count
 E = Vault monster count
 F = Vault count percentage of total count
                 A         B        C        D         E       F
            +---------+---------+-------+---------+---------+-------
      Total |     317 |      53 |  14.3 |      72 |       9 |  11.1
            +---------+---------+-------+---------+---------+-------
        D:1 |      43 |       0 |   0.0 |      23 |       0 |   0.0
        D:2 |      52 |      17 |  24.6 |      22 |       8 |  26.7
        D:3 |     222 |      36 |  14.0 |      27 |       1 |   3.6
            +---------+---------+-------+---------+---------+-------
